 Dungeon Crawl Stone Soup version 0.23-a0-550-g7de1f8e (webtiles) character file.

19 Geeful the Digger (level 2, -7/17 HPs)
             Began as an Octopode Earth Elementalist on Dec 9, 2018.
             Mangled by a gnoll
             ... wielding a +0 halberd
              (18 damage)
             ... on level 1 of the Dungeon.
             The game lasted 00:01:35 (760 turns).

Geeful the Digger (Octopode Earth Elementalist)      Turns: 760, Time: 00:01:36

Health: -7/17      AC:  1    Str:  7    XL:     2   Next: 75%
Magic:  5/5        EV: 13    Int: 17    God:
Gold:   33         SH:  0    Dex: 12    Spells: 4/5 levels left

rFire    . . .     SeeInvis .   d - +0 short sword
rCold    . . .     Gourm    .   (no shield)
rNeg     . . .     Faith    .   (helmet restricted)
rPois    .         Spirit   .   (no amulet)
rElec    .         Reflect  .   (no ring)
rCorr    .         Harm     .   (no ring)
MR       .....                  (no ring)
Stlth    +++.......             (no ring)
HPRegen  0.05/turn              (no ring)
MPRegen  0.09/turn              (no ring)
                                (no ring)
                                (no ring)

@: no status effects
A: almost no armour, stealthy swim, amphibious, 8 rings, constrict 8, camouflage
1, gelatinous body 1
a: no special abilities


You were on level 1 of the Dungeon.
You were not hungry.

You visited 1 branch of the dungeon, and saw 1 of its levels.

You collected 33 gold pieces.

Inventory:

Hand Weapons
 d - a +0 short sword (weapon)
Missiles
 b - 34 stones (quivered)
Scrolls
 a - a scroll of teleportation {unknown}
 e - a scroll of enchant armour {unknown}
 f - a scroll of remove curse {unknown}
 h - a scroll of identify {unknown}
Comestibles
 c - a ration


   Skills:
 + Level 2.3 Dodging
 + Level 3.2 Stealth
 + Level 2.3 Spellcasting
   Level 1.0 Transmutations
 + Level 3.2 Earth Magic


You had 4 spell levels left.
You knew the following spells:

 Your Spells              Type           Power        Failure   Level  Hunger
a - Sandblast             Erth           ##....       4%          1    #......

Your spell library contained the following spells:

 Spells                   Type           Power        Failure   Level  Hunger
 Passwall                 Tmut/Erth      #.......     12%         2    ###....
 Stone Arrow              Conj/Erth      #.....       28%         3    ###....
 Petrify                  Tmut/Erth      #.......     61%         4    #####..
 Lee's Rapid Deconstruct  Erth           ##........   80%         5    ######.


Dungeon Overview and Level Annotations

Branches:
Dungeon (1/15)

Altars:


Innate Abilities, Weirdness & Mutations

You cannot wear most types of armour.
You are very stealthy in the water. (Stealth+)
You are amphibious.
You can wear up to eight rings at the same time.
You can use your tentacles to constrict eight enemies at once.
Your skin changes colour to match your surroundings (Stealth+).
Your rubbery body absorbs attacks. (AC +1, EV +1)


Message History

You feel invigorated.
You bump into the rock wall.
The kobold hits you with a +0 whip.
You feel less invigorated.
You feel less confused.
You completely miss the kobold. Your grab misses the kobold.
The kobold hits you but does no damage. The gnoll closely misses you.
You closely miss the kobold. Your grab misses the kobold.
The kobold completely misses you.
The gnoll hits you from afar with a +0 halberd.
The kobold misses you. The gnoll barely misses you.
You hit the kobold. You grab the kobold.
The kobold is severely wounded.
You constrict the kobold, but do no damage.
The kobold misses you. The gnoll barely misses you.
You hit the kobold.
You kill the kobold!
The gnoll hits you from afar with a +0 halberd!!
Ouch! That really hurt!
You die...

.†.##..#.# #..########
#.###..#.#########..........
...........................#
#..##.####.#######..########
#..........# ###..#
#.#.#.####.#####....# #.#.#.#
#..........#
#.#...####.#.##.##g.###
#............##.@)....#
####.>#.##.####.##..#.#
##.#.##.# #..##..#.#
#####.#.##.###..##....#####(#
...#........................#
............................#
...####.##.###..##..####.#..##
...####)##.###.........).....#
(...............##.#####.#.[.#


You could see a gnoll.

Vanquished Creatures
  An ooze (D:1)
  4 bats (D:1)
  A giant cockroach (D:1)
  A hobgoblin (D:1)
  4 kobolds (D:1)
  2 frilled lizards (D:1)
  3 rats (D:1)
16 creatures vanquished.

Notes
Turn   | Place    | Note
-------+----------+-------------------------------------------
     0 | D:1      | Geeful the Octopode Earth Elementalist began the quest for
                  | the Orb.
     0 | D:1      | Reached XP level 1. HP: 11/11 MP: 3/3
   392 | D:1      | Reached XP level 2. HP: 17/17 MP: 5/5
   760 | D:1      | Mangled by a gnoll

Vault maps used:
D:1:      ncdulo_lavacross, minmay_split_cup_large

Skill      XL: |  1 |
---------------+----+-----
Stealth        | 3 |  3.2
Dodging        | |  2.3
Spellcasting   | |  2.3
Transmutations | |  1.0
Earth Magic    | |  3.2

Action                   || total
-------------------------++-------
Melee: Unarmed           ||     8
       Short sword       ||    23
       Constrict         ||     9
       Tentacles         ||     4
 Cast: Sandblast         ||     3
  Use: Potion            ||     1
 Stab: Sleeping          ||     4
Armor: Skin              ||     2
Dodge: Dodged            ||    24

Table legend:
 A = Non-vault XP
 B = Vault XP
 C = Vault XP percentage of total XP
 D = Non-vault monster count
 E = Vault monster count
 F = Vault count percentage of total count
                 A         B        C        D         E       F
            +---------+---------+-------+---------+---------+-------
      Total |      18 |      10 |  35.7 |      12 |       4 |  25.0
            +---------+---------+-------+---------+---------+-------
        D:1 |      18 |      10 |  35.7 |      12 |       4 |  25.0
            +---------+---------+-------+---------+---------+-------
